Knights vs Ice Dragons

Created - 3 novembre 2016 at 19:13

Goals
1 2 3 T
Knights 2 2 3 7
Ice Dragons 0 1 1 2
Shots
1 2 3 T
Knights 12 14 11 37
Ice Dragons 6 9 5 20

1st period

1. Knights , Joe Colborne 2 (Jason Zucker) at 11:00
2. Knights , Kevin Hayes 2 (Michael Raffl, James Wright) at 17:07 (PP)

Penalties :
Marek Viedensky (Kin) for Interference (Minor) at 5:33, Michael Latta (Kin) for Close Hand On Puck (Minor) at 16:22

2nd period

3. Knights , Michael Raffl 3 (Nikita Nikitin, Mark Dekanich) at 5:47 (PP)
4. Knights , Joe Colborne 3 (Jason Zucker, Tomas Kundratek) at 6:22
5. Ice Dragons , Michael Latta 2 (Samuel Groulx, Petr Vrana) at 19:38

Penalties :
Ryan Reaves (Kin) for Holding Stick (Minor) at 4:35

3rd period

6. Knights , Joe Colborne 4 (Aaron Palushaj, Scott Jackson) at 5:11
7. Ice Dragons , Petr Vrana 1 (Michael Latta, Tomas Kudelka) at 14:23
8. Knights , Jason Zucker 2 (Aaron Palushaj, Joe Colborne) at 15:29
9. Knights , James Wright 4 (Kevin Hayes, Michael Raffl) at 16:39

Penalties :
Jason Zucker (Lon) for Slashing (Minor) at 1:12, Michael Latta (Kin) for Hooking (Minor) at 6:35, Joe Colborne (Lon) for Holding (Minor) at 9:28, Cody Bass (Lon) for Holding (Minor) at 9:44, Nick Palmieri (Kin) for Roughing (Minor) at 17:02, Petr Vrana (Kin) for Hooking (Minor) at 19:43

Goalie Stats

Mark Dekanich (Lon), 18 saves from 20 shots - (0,900), W, 1-0-0, 60:00 minutes
Justin Pogge (Kin), 12 saves from 16 shots - (0,750), L, 3-2-0, 26:22 minutes
Harru Sateri (Kin), 18 saves from 21 shots - (0,857), 33:38 minutes

Players Stats for Knights

Player Name              G  A  P  +/- PIM S  H  SB GA TA FO     MP     PP MP  PK MP  
------------------------------------------------------------------------------------
A.J. Jenks               0  0  0   0  0   1  2  0  0  0  0/1     7:56   0:00   0:00 
Aaron Palushaj           0  2  2   3  0   2  2  1  1  0  0/0    17:05   3:42   0:00 
Alan Quine               0  0  0   0  0   1  0  0  0  0  0/2     9:31   0:00   1:35 
Brett Connolly           0  0  0  -1  0   0  2  1  0  0  0/0    11:28   0:00   0:00 
Cody Bass                0  0  0  -1  2   3  4  1  0  0  2/9    13:18   0:16   1:14 
James Wright             1  1  2   1  0   5  3  1  0  0  10/24  20:55   4:12   2:07 
Jason Zucker             1  2  3   3  2   4  1  0  0  1  0/0    17:11   3:42   0:00 
Joe Colborne             3  1  4   3  2   6  1  0  1  0  6/16   17:39   3:42   0:35 
Josh Jooris              0  0  0   0  0   2  4  0  1  0  0/0     8:55   0:41   0:00 
Kevin Hayes              1  1  2   1  0   2  1  0  0  1  1/2    18:04   3:47   0:00 
Michael Raffl            1  2  3   1  0   4  1  0  0  0  0/2    19:37   4:03   0:59 
Michael Stone            0  0  0   1  0   1  1  2  0  0  0/0    17:27   2:59   1:11 
Nikita Nikitin           0  1  1   1  0   1  1  0  0  1  0/0    22:58   5:11   0:36 
Ronalds Kenins           0  0  0  -1  0   1  1  0  2  0  0/0    12:21   0:25   0:14 
Scott Jackson            0  1  1   1  0   0  1  2  0  0  0/0    19:08   2:59   1:47 
Scott Lehman             0  0  0   1  0   0  1  1  0  0  0/0    12:02   0:00   0:00 
Tomas Kundratek          0  1  1   1  0   2  4  0  0  3  0/0    28:50   5:11   2:27 
Zach Trotman             0  0  0   1  0   2  1  1  0  0  0/0    19:35   0:00   2:27 

Players Stats for Ice Dragons

Player Name              G  A  P  +/- PIM S  H  SB GA TA FO     MP     PP MP  PK MP  
------------------------------------------------------------------------------------
Alexander Urbom          0  0  0   1  0   0  0  2  0  0  0/0    12:20   0:00   0:00 
Bradley Malone           0  0  0  -1  0   0  0  0  0  0  0/0     5:10   0:00   0:00 
Brandon Kozun            0  0  0  -2  0   1  1  1  1  0  0/0    11:23   0:00   0:00 
Brayden McNabb           0  0  0  -4  0   3  0  1  0  1  0/0    25:02   3:04   4:23 
Ian Cole                 0  0  0  -4  0   0  1  1  0  0  0/0    28:25   3:04   4:23 
Joey Hishon              0  0  0  -1  0   0  0  0  0  0  0/0     4:39   0:00   0:23 
Jordan LaVallee          0  0  0  -1  0   6  2  0  3  0  2/2    21:52   2:21   3:00 
Kyle Bigos               0  0  0   0  0   0  0  0  0  0  0/0     3:43   0:00   0:00 
Logan MacMillan          0  0  0  -2  0   2  0  0  0  0  0/1    16:52   0:00   4:24 
Marek Viedensky          0  0  0  -2  2   0  1  0  0  0  3/5    13:54   0:00   2:14 
Michael Latta            1  1  2   1  4   3  1  0  2  0  8/9    17:45   1:53   1:09 
Nick Palmieri            0  0  0  -1  2   0  1  3  0  1  5/7    24:04   2:21   3:18 
Petr Vrana               1  1  2   0  2   2  3  0  0  0  2/2    20:47   1:53   1:52 
Ryan Reaves              0  0  0   1  2   0  1  1  0  0  0/0    16:46   1:53   0:00 
Samuel Groulx            0  1  1   1  0   1  0  2  0  2  0/0    12:20   0:00   0:00 
Slava Voynov             0  0  0   0  0   0  1  1  0  0  0/0    19:05   1:10   3:47 
Tomas Kudelka            0  1  1   0  0   1  1  3  0  1  0/0    19:05   1:10   3:47 
Tyler Haskins            0  0  0  -1  0   1  1  0  0  0  17/30  18:32   2:21   0:00 

3 Stars

1 - Joe Colborne (Lon)
2 - Jason Zucker (Lon)
3 - Michael Raffl (Lon)

Power Play

Knights - 2 on 6 Attempt(s) - 33,33%
Ice Dragons - 0 on 3 Attempt(s) - 0,00%

Penalty Kill

Knights - 3 on 3 Attempt(s) - 100,00% - Score 0 goal in Penalty Kill
Ice Dragons - 4 on 6 Attempt(s) - 66,67% - Score 0 goal in Penalty Kill

Team Stat

Knights - Hits : 31 - Faceoff Wins : 19 - Blocked Shots : 10 - Penalty Minutes : 6
Ice Dragons - Hits : 14 - Faceoff Wins : 37 - Blocked Shots : 15 - Penalty Minutes : 12

Official

Referees : Hebert Ghislain and McCreary Bill
Linesman : Bryan Pancich and Tony Sericolo

Game Notes

Harru Sateri enters game at 6:22 of 2nd period
Joe Colborne has scored a Hat Trick!

Finance

Level 1 -- Attendance: 1493 (74,65%) -- Ticket Income 52 255 $
Level 2 -- Attendance: 799 (79,90%) -- Ticket Income 11 985 $
Total Attendance: 2292 (76,40%)
Total Ticket Income: 64 240 $
Other Income: 3 212 $
Total Income: 67 452 $

Knights

5 vs 5 Forward 
   Center                   Left Wing                Right Wing               Time % Phy DF OF 
 1 James Wright             Michael Raffl            Kevin Hayes              31     1   1  3  
 2 Joe Colborne             Jason Zucker             Aaron Palushaj           29     1   1  3  
 3 Cody Bass                Ronalds Kenins           Brett Connolly           25     1   1  3  
 4 Alan Quine               A.J. Jenks               Josh Jooris              15     1   2  2  

5 vs 5 Defense 
   Defense                  Defense                                           Time % Phy DF OF 
 1 Tomas Kundratek          Zach Trotman                                      35     1   3  1  
 2 Scott Jackson            Nikita Nikitin                                    30     1   3  1  
 3 Scott Lehman             Michael Stone                                     22     1   3  1  
 4 Tomas Kundratek          Nikita Nikitin                                    13     1   2  2  

PowerPlay Forward 
   Center                   Left Wing                Right Wing               Time % Phy DF OF 
 1 James Wright             Michael Raffl            Kevin Hayes              60     0   0  5  
 2 Joe Colborne             Jason Zucker             Aaron Palushaj           40     0   0  5  

PowerPlay Defense
   Defense                  Defense                                           Time % Phy DF OF 
 1 Nikita Nikitin           Tomas Kundratek                                   60     0   1  4  
 2 Michael Stone            Scott Jackson                                     40     0   1  4  

Penalty Kill 4 Players Forward 
   Center                   Wing                     Time % Phy DF OF 
 1 James Wright             Cody Bass                60     0   4  1  
 2 Joe Colborne             Michael Raffl            40     0   4  1  

Penalty Kill 4 Players Defense
   Defense                  Defense                  Time % Phy DF OF 
 1 Tomas Kundratek          Zach Trotman             60     1   4  0  
 2 Scott Jackson            Michael Stone            40     1   4  0  

Penalty Kill - 3 Players Forward 
   Forward                                           Time % Phy DF OF 
 1 James Wright                                      60     0   4  1  
 2 Michael Raffl                                     40     0   4  1  

Penalty Kill - 3 Players Defense
   Defense                  Defense                  Time % Phy DF OF 
 1 Tomas Kundratek          Zach Trotman             60     0   4  1  
 2 Nikita Nikitin           Scott Jackson            40     0   4  1  

4 vs 4 Forward 
   Center                   Wing                     Time % Phy DF OF 
 1 James Wright             Michael Raffl            60     1   2  2  
 2 Joe Colborne             Jason Zucker             40     1   2  2  

4 vs 4 Defense
   Defense                  Defense                  Time % Phy DF OF 
 1 Nikita Nikitin           Tomas Kundratek          60     1   2  2  
 2 Zach Trotman             Scott Jackson            40     1   2  2  

Last Minutes Offensive
   Center                   Left Wing                Right Wing               Defense                  Defense                  
   James Wright             Michael Raffl            Joe Colborne             Tomas Kundratek          Nikita Nikitin           

Last Minutes Defensive
   Center                   Left Wing                Right Wing               Defense                  Defense                  
   James Wright             Michael Raffl            Joe Colborne             Tomas Kundratek          Nikita Nikitin           

Goaltenders
Starting : Mark Dekanich            
Backup : Jeff Glass               

Extra Forwards
Normal : Joe Colborne, Michael Raffl, James Wright - PP : James Wright, Michael Raffl - PK : James Wright
Extra Defensemen
Normal : Nikita Nikitin, Scott Jackson, Tomas Kundratek - PP : Tomas Kundratek - PK : Nikita Nikitin, Tomas Kundratek
Penalty Shots
Kevin Hayes, Michael Raffl, Josh Jooris, James Wright, Joe Colborne

Ice Dragons

5 vs 5 Forward 
   Center                   Left Wing                Right Wing               Time % Phy DF OF 
 1 Tyler Haskins            Jordan LaVallee          Nick Palmieri            40     3   1  1  
 2 Michael Latta            Petr Vrana               Ryan Reaves              30     3   1  1  
 3 Marek Viedensky          Logan MacMillan          Brandon Kozun            20     3   1  1  
 4 Bradley Malone           Petr Vrana               Nick Palmieri            10     3   1  1  

5 vs 5 Defense 
   Defense                  Defense                                           Time % Phy DF OF 
 1 Ian Cole                 Brayden McNabb                                    40     3   1  1  
 2 Slava Voynov             Tomas Kudelka                                     30     3   1  1  
 3 Alexander Urbom          Samuel Groulx                                     20     3   1  1  
 4 Kyle Bigos               Ian Cole                                          10     3   1  1  

PowerPlay Forward 
   Center                   Left Wing                Right Wing               Time % Phy DF OF 
 1 Tyler Haskins            Jordan LaVallee          Nick Palmieri            60     2   1  2  
 2 Michael Latta            Petr Vrana               Ryan Reaves              40     2   1  2  

PowerPlay Defense
   Defense                  Defense                                           Time % Phy DF OF 
 1 Ian Cole                 Brayden McNabb                                    60     2   1  2  
 2 Slava Voynov             Tomas Kudelka                                     40     2   1  2  

Penalty Kill 4 Players Forward 
   Center                   Wing                     Time % Phy DF OF 
 1 Nick Palmieri            Logan MacMillan          60     3   2  0  
 2 Jordan LaVallee          Petr Vrana               40     3   2  0  

Penalty Kill 4 Players Defense
   Defense                  Defense                  Time % Phy DF OF 
 1 Ian Cole                 Brayden McNabb           60     3   2  0  
 2 Slava Voynov             Tomas Kudelka            40     3   2  0  

Penalty Kill - 3 Players Forward 
   Forward                                           Time % Phy DF OF 
 1 Nick Palmieri                                     60     3   2  0  
 2 Jordan LaVallee                                   40     3   2  0  

Penalty Kill - 3 Players Defense
   Defense                  Defense                  Time % Phy DF OF 
 1 Ian Cole                 Brayden McNabb           60     3   2  0  
 2 Slava Voynov             Tomas Kudelka            40     3   2  0  

4 vs 4 Forward 
   Center                   Wing                     Time % Phy DF OF 
 1 Nick Palmieri            Brandon Kozun            60     3   1  1  
 2 Jordan LaVallee          Petr Vrana               40     3   1  1  

4 vs 4 Defense
   Defense                  Defense                  Time % Phy DF OF 
 1 Ian Cole                 Brayden McNabb           60     3   1  1  
 2 Slava Voynov             Tomas Kudelka            40     3   1  1  

Last Minutes Offensive
   Center                   Left Wing                Right Wing               Defense                  Defense                  
   Tyler Haskins            Jordan LaVallee          Nick Palmieri            Ian Cole                 Brayden McNabb           

Last Minutes Defensive
   Center                   Left Wing                Right Wing               Defense                  Defense                  
   Tyler Haskins            Jordan LaVallee          Nick Palmieri            Ian Cole                 Brayden McNabb           

Goaltenders
Starting : Justin Pogge             
Backup : Harru Sateri             

Extra Forwards
Normal : Joey Hishon, Brandon Kozun, Marek Viedensky - PP : Joey Hishon, Brandon Kozun - PK : Marek Viedensky
Extra Defensemen
Normal : Alexander Urbom, Samuel Groulx, Kyle Bigos - PP : Alexander Urbom - PK : Samuel Groulx, Kyle Bigos
Penalty Shots
Nick Palmieri, Ryan Reaves, Jordan LaVallee, Petr Vrana, Tyler Haskins

% Time on Ice - Knights

Lines # - Real PCT - Wanted PCT - Time Play
Normal Forward
1 - 31% - 31% - 14:49
2 - 28% - 29% - 13:23
3 - 24% - 25% - 11:28
4 - 17% - 15% - 7:56
Normal Defense
1 - 36% - 35% - 17:08
2 - 30% - 30% - 14:22
3 - 25% - 22% - 12:02
4 - 9% - 13% - 4:04
PP Forward
1 - 55% - 60% - 4:28
2 - 45% - 40% - 3:42
PP Defense
1 - 63% - 60% - 5:11
2 - 37% - 40% - 2:59
PK Forward
1 - 94% - 60% - 2:22
2 - 6% - 40% - 0:09
PK Defense
1 - 53% - 60% - 1:20
2 - 47% - 40% - 1:11
PK3 Forward
1 - 88% - 60% - 1:31
2 - 12% - 40% - 0:12
PK3 Defense
1 - 65% - 60% - 1:07
2 - 35% - 40% - 0:36
44 Forward
1 - 0% - 60%
2 - 0% - 40%
44 Defense
1 - 0% - 60%
2 - 0% - 40%
Last Minute Offensive  - 0:00
Last Minute Defensive  - 0:00
Total
Forward - 60:00
Defense - 60:00

% Time on Ice - Ice Dragons

Lines # - Real PCT - Wanted PCT - Time Play
Normal Forward
1 - 35% - 40% - 16:52
2 - 30% - 30% - 14:28
3 - 23% - 20% - 11:06
4 - 11% - 10% - 5:10
Normal Defense
1 - 37% - 40% - 17:35
2 - 30% - 30% - 14:08
3 - 26% - 20% - 12:20
4 - 7% - 10% - 3:33
PP Forward
1 - 56% - 60% - 2:21
2 - 44% - 40% - 1:53
PP Defense
1 - 72% - 60% - 3:04
2 - 28% - 40% - 1:10
PK Forward
1 - 83% - 60% - 6:48
2 - 17% - 40% - 1:22
PK Defense
1 - 54% - 60% - 4:23
2 - 46% - 40% - 3:47
PK3 Forward
1 - 0% - 60%
2 - 0% - 40%
PK3 Defense
1 - 0% - 60%
2 - 0% - 40%
44 Forward
1 - 0% - 60%
2 - 0% - 40%
44 Defense
1 - 0% - 60%
2 - 0% - 40%
Last Minute Offensive  - 0:00
Last Minute Defensive  - 0:00
Total
Forward - 60:00
Defense - 60:00

Play by Play

1st period


0:01 of 1st period - James Wright wins face-off versus Tyler Haskins in neutral zone.
0:10 of 1st period - Slapshot by Nick Palmieri.
0:10 of 1st period - Shot Misses the Net.
0:31 of 1st period - Snap shot by Cody Bass.
0:31 of 1st period - Stopped by Justin Pogge without a rebound.
0:32 of 1st period - Petr Vrana wins face-off versus Cody Bass in Ice Dragons zone.
0:36 of 1st period - Off-side.
0:37 of 1st period - Michael Latta wins face-off versus Joe Colborne in neutral zone.
1:26 of 1st period - Snap shot by Slava Voynov.
1:26 of 1st period - Shot Blocked by Cody Bass.
2:12 of 1st period - Wrist shot by Jason Zucker.
2:12 of 1st period - Shot Misses the Net.
2:14 of 1st period - Slapshot by Michael Stone.
2:14 of 1st period - Shot Misses the Net.
2:16 of 1st period - Slapshot by Michael Stone.
2:16 of 1st period - Stopped by Justin Pogge with a rebound.
2:18 of 1st period - Slapshot by Scott Lehman.
2:18 of 1st period - Deflect By Jason Zucker.
2:18 of 1st period - Stopped by Justin Pogge without a rebound.
2:19 of 1st period - Cody Bass wins face-off versus Marek Viedensky in Ice Dragons zone.
2:46 of 1st period - Icing by Nick Palmieri.
2:47 of 1st period - Tyler Haskins wins face-off versus Joe Colborne in Ice Dragons zone.
2:52 of 1st period - Wrist shot by Jordan LaVallee.
2:52 of 1st period - Shot Misses the Net.
2:54 of 1st period - Slapshot by Ian Cole.
2:54 of 1st period - Shot Blocked by Zach Trotman.
3:17 of 1st period - Zach Trotman is hit by Petr Vrana and loses puck.
3:38 of 1st period - A.J. Jenks is hit by Brandon Kozun and loses puck.
4:01 of 1st period - Snap shot by Ronalds Kenins.
4:01 of 1st period - Deflect By Cody Bass.
4:01 of 1st period - Stopped by Justin Pogge with a rebound.
4:13 of 1st period - Michael Stone is hit by Ryan Reaves and loses puck.
4:28 of 1st period - Backhand shot by Jason Zucker.
4:28 of 1st period - Shot Misses the Net.
4:42 of 1st period - Tomas Kudelka is hit by Zach Trotman and loses puck.
4:47 of 1st period - Wrist shot by A.J. Jenks.
4:47 of 1st period - Shot Misses the Net.
5:33 of 1st period - Minor Penalty to Marek Viedensky for Interference.
5:34 of 1st period - Nick Palmieri wins face-off versus James Wright in Ice Dragons zone.
5:34 of 1st period - Nick Palmieri is hit by Kevin Hayes.
6:17 of 1st period - Scott Jackson is hit by Slava Voynov.
7:33 of 1st period - Penalty to Marek Viedensky is over, Marek Viedensky is back on ice.
7:47 of 1st period - Off-side.
7:48 of 1st period - Michael Latta wins face-off versus Alan Quine in neutral zone.
10:06 of 1st period - Ian Cole is hit by Scott Lehman and loses puck.
10:24 of 1st period - Wrist shot by Petr Vrana.
10:24 of 1st period - Shot Misses the Net.
10:26 of 1st period - Slapshot by Ian Cole.
10:26 of 1st period - Shot Misses the Net.
10:28 of 1st period - Slapshot by Brayden McNabb.
10:28 of 1st period - Shot Blocked by Aaron Palushaj.
10:30 of 1st period - Slapshot by Brayden McNabb.
10:30 of 1st period - Deflect By Petr Vrana.
10:30 of 1st period - Stopped by Mark Dekanich with a rebound.
10:32 of 1st period - Slapshot by Brayden McNabb.
10:32 of 1st period - Shot Blocked by Scott Lehman.
11:00 of 1st period - Snap shot by Joe Colborne.
11:00 of 1st period - Goal by Joe Colborne - Knights : 1 - Ice Dragons : 0.
11:01 of 1st period - Jordan LaVallee wins face-off versus James Wright in neutral zone.
11:06 of 1st period - Snap shot by Jordan LaVallee.
11:06 of 1st period - Stopped by Mark Dekanich with a rebound.
11:28 of 1st period - Tomas Kundratek is hit by Marek Viedensky and loses puck.
11:37 of 1st period - Wrist shot by Brandon Kozun.
11:37 of 1st period - Stopped by Mark Dekanich without a rebound.
11:38 of 1st period - Tyler Haskins wins face-off versus Alan Quine in Knights zone.
12:46 of 1st period - Slapshot by Cody Bass.
12:46 of 1st period - Shot Misses the Net.
12:48 of 1st period - Slapshot by Nikita Nikitin.
12:48 of 1st period - Shot Misses the Net.
14:08 of 1st period - Slapshot by Josh Jooris.
14:08 of 1st period - Deflect By A.J. Jenks.
14:08 of 1st period - Shot Misses the Net.
14:08 of 1st period - Puck is out of play.
14:09 of 1st period - Marek Viedensky wins face-off versus James Wright in Ice Dragons zone.
14:26 of 1st period - Slapshot by Jordan LaVallee.
14:26 of 1st period - Stopped by Mark Dekanich with a rebound.
14:42 of 1st period - Slapshot by Cody Bass.
14:42 of 1st period - Deflect By Ian Cole.
14:42 of 1st period - Shot Misses the Net.
14:42 of 1st period - Puck is out of play.
14:43 of 1st period - Michael Latta wins face-off versus Cody Bass in Ice Dragons zone.
15:08 of 1st period - Tomas Kudelka is hit by Scott Jackson and loses puck.
15:35 of 1st period - Snap shot by James Wright.
15:35 of 1st period - Shot Misses the Net.
15:37 of 1st period - Snap shot by James Wright.
15:37 of 1st period - Stopped by Justin Pogge without a rebound.
15:38 of 1st period - Joe Colborne wins face-off versus Tyler Haskins in Ice Dragons zone.
16:16 of 1st period - Snap shot by Michael Raffl.
16:16 of 1st period - Stopped by Justin Pogge with a rebound.
16:22 of 1st period - Minor Penalty to Michael Latta for Close Hand On Puck.
16:23 of 1st period - Nick Palmieri wins face-off versus Michael Raffl in Ice Dragons zone.
16:39 of 1st period - Wrist shot by James Wright.
16:39 of 1st period - Stopped by Justin Pogge without a rebound.
16:40 of 1st period - Joe Colborne wins face-off versus Nick Palmieri in Ice Dragons zone.
16:51 of 1st period - Snap shot by Logan MacMillan.
16:51 of 1st period - Stopped by Mark Dekanich without a rebound.
16:52 of 1st period - Nick Palmieri wins face-off versus James Wright in Knights zone.
17:07 of 1st period - Snap shot by Michael Raffl.
17:07 of 1st period - Deflect By Kevin Hayes.
17:07 of 1st period - Goal by Kevin Hayes - Knights : 2 - Ice Dragons : 0.
17:08 of 1st period - Tyler Haskins wins face-off versus Kevin Hayes in neutral zone.
17:11 of 1st period - James Wright is hit by Nick Palmieri.
17:12 of 1st period - Icing by James Wright.
17:13 of 1st period - Tyler Haskins wins face-off versus James Wright in Knights zone.
17:14 of 1st period - Wrist shot by Jordan LaVallee.
17:14 of 1st period - Shot Misses the Net.
17:16 of 1st period - Snap shot by Jordan LaVallee.
17:16 of 1st period - Shot Blocked by James Wright.
17:18 of 1st period - Slapshot by Tyler Haskins.
17:18 of 1st period - Stopped by Mark Dekanich without a rebound.
17:19 of 1st period - Tyler Haskins wins face-off versus Cody Bass in Knights zone.
17:28 of 1st period - Wrist shot by Jordan LaVallee.
17:28 of 1st period - Deflect By Tyler Haskins.
17:28 of 1st period - Shot Misses the Net.
17:28 of 1st period - Puck is out of play.
17:29 of 1st period - Cody Bass wins face-off versus Tyler Haskins in Knights zone.
17:38 of 1st period - Wrist shot by Cody Bass.
17:38 of 1st period - Shot Misses the Net.
17:40 of 1st period - Backhand shot by Tomas Kundratek.
17:40 of 1st period - Stopped by Justin Pogge without a rebound.
17:41 of 1st period - James Wright wins face-off versus Tyler Haskins in Ice Dragons zone.
18:06 of 1st period - Michael Latta is hit by Tomas Kundratek and loses puck.
18:11 of 1st period - Snap shot by Ronalds Kenins.
18:11 of 1st period - Stopped by Justin Pogge without a rebound.
18:12 of 1st period - Petr Vrana wins face-off versus Cody Bass in Ice Dragons zone.
18:17 of 1st period - Scott Lehman is hit by Petr Vrana and loses puck.
18:30 of 1st period - Snap shot by Michael Latta.
18:30 of 1st period - Shot Blocked by Michael Stone.
18:36 of 1st period - Tomas Kudelka is hit by Brett Connolly and loses puck.
19:10 of 1st period - Snap shot by Cody Bass.
19:10 of 1st period - Stopped by Justin Pogge without a rebound.
19:11 of 1st period - Tyler Haskins wins face-off versus Joe Colborne in Ice Dragons zone.
19:11 of 1st period - Tyler Haskins is hit by Joe Colborne.
Goals for this period are 2 for Knights vs 0 for Ice Dragons.
Shots for this period are 12 for Knights vs 6 for Ice Dragons.

2nd period


0:01 of 2nd period - Joe Colborne wins face-off versus Tyler Haskins in neutral zone.
0:04 of 2nd period - Slapshot by Nikita Nikitin.
0:04 of 2nd period - Shot Blocked by Ian Cole.
0:14 of 2nd period - Snap shot by Joe Colborne.
0:14 of 2nd period - Shot Blocked by Nick Palmieri.
0:24 of 2nd period - Tomas Kundratek is hit by Jordan LaVallee and loses puck.
0:29 of 2nd period - Slapshot by Jordan LaVallee.
0:29 of 2nd period - Stopped by Mark Dekanich with a rebound.
0:33 of 2nd period - Snap shot by Jordan LaVallee.
0:33 of 2nd period - Shot Misses the Net.
0:55 of 2nd period - Snap shot by Jordan LaVallee.
0:55 of 2nd period - Shot Misses the Net.
0:57 of 2nd period - Snap shot by Nick Palmieri.
0:57 of 2nd period - Shot Misses the Net.
0:59 of 2nd period - Snap shot by Brayden McNabb.
0:59 of 2nd period - Stopped by Mark Dekanich without a rebound.
1:00 of 2nd period - Michael Latta wins face-off versus James Wright in Knights zone.
1:05 of 2nd period - Wrist shot by Michael Latta.
1:05 of 2nd period - Shot Misses the Net.
1:38 of 2nd period - Snap shot by Logan MacMillan.
1:38 of 2nd period - Shot Misses the Net.
1:42 of 2nd period - Wrist shot by Logan MacMillan.
1:42 of 2nd period - Stopped by Mark Dekanich with a rebound.
3:00 of 2nd period - Snap shot by A.J. Jenks.
3:00 of 2nd period - Shot Misses the Net.
3:17 of 2nd period - Nikita Nikitin is hit by Tomas Kudelka and loses puck.
4:07 of 2nd period - Slapshot by Nikita Nikitin.
4:07 of 2nd period - Shot Misses the Net.
4:35 of 2nd period - Minor Penalty to Ryan Reaves for Holding Stick.
4:36 of 2nd period - Kevin Hayes wins face-off versus Logan MacMillan in Ice Dragons zone.
4:42 of 2nd period - Slapshot by Michael Raffl.
4:42 of 2nd period - Stopped by Justin Pogge with a rebound.
4:44 of 2nd period - Wrist shot by Kevin Hayes.
4:44 of 2nd period - Shot Blocked by Tomas Kudelka.
4:46 of 2nd period - Snap shot by James Wright.
4:46 of 2nd period - Shot Blocked by Nick Palmieri.
5:02 of 2nd period - Tomas Kudelka is hit by Tomas Kundratek and loses puck.
5:12 of 2nd period - Icing by Joe Colborne.
5:13 of 2nd period - Jordan LaVallee wins face-off versus Joe Colborne in Knights zone.
5:45 of 2nd period - Slapshot by Nikita Nikitin.
5:45 of 2nd period - Shot Misses the Net.
5:47 of 2nd period - Wrist shot by Michael Raffl.
5:47 of 2nd period - Goal by Michael Raffl - Knights : 3 - Ice Dragons : 0.
5:48 of 2nd period - Tyler Haskins wins face-off versus Michael Raffl in neutral zone.
5:59 of 2nd period - Wrist shot by Jordan LaVallee.
5:59 of 2nd period - Stopped by Mark Dekanich with a rebound.
6:13 of 2nd period - Petr Vrana is hit by Jason Zucker and loses puck.
6:20 of 2nd period - Wrist shot by Jason Zucker.
6:20 of 2nd period - Stopped by Justin Pogge with a rebound.
6:22 of 2nd period - Slapshot by Joe Colborne.
6:22 of 2nd period - Goal by Joe Colborne - Knights : 4 - Ice Dragons : 0.
6:22 of 2nd period - Harru Sateri enters game.
6:23 of 2nd period - James Wright wins face-off versus Tyler Haskins in neutral zone.
6:28 of 2nd period - Wrist shot by James Wright.
6:28 of 2nd period - Shot Blocked by Nick Palmieri.
6:30 of 2nd period - Slapshot by James Wright.
6:30 of 2nd period - Shot Misses the Net.
6:32 of 2nd period - Slapshot by Zach Trotman.
6:32 of 2nd period - Stopped by Harru Sateri with a rebound.
6:34 of 2nd period - Slapshot by James Wright.
6:34 of 2nd period - Shot Blocked by Brayden McNabb.
6:36 of 2nd period - Snap shot by Kevin Hayes.
6:36 of 2nd period - Stopped by Harru Sateri with a rebound.
6:38 of 2nd period - Backhand shot by James Wright.
6:38 of 2nd period - Shot Misses the Net.
6:48 of 2nd period - Ian Cole is hit by Cody Bass and loses puck.
7:10 of 2nd period - Joe Colborne is hit by Ian Cole and loses puck.
7:36 of 2nd period - Logan MacMillan is hit by A.J. Jenks and loses puck.
7:41 of 2nd period - Snap shot by A.J. Jenks.
7:41 of 2nd period - Shot Blocked by Brandon Kozun.
7:43 of 2nd period - Snap shot by Josh Jooris.
7:43 of 2nd period - Shot Misses the Net.
7:45 of 2nd period - Snap shot by Josh Jooris.
7:45 of 2nd period - Stopped by Harru Sateri with a rebound.
8:14 of 2nd period - Samuel Groulx is hit by Ronalds Kenins and loses puck.
8:41 of 2nd period - Tyler Haskins is hit by Josh Jooris and loses puck.
9:29 of 2nd period - Slapshot by Joe Colborne.
9:29 of 2nd period - Stopped by Harru Sateri with a rebound.
10:13 of 2nd period - Tomas Kudelka is hit by Josh Jooris and loses puck.
10:51 of 2nd period - Slava Voynov is hit by Michael Raffl and loses puck.
11:00 of 2nd period - Snap shot by James Wright.
11:00 of 2nd period - Stopped by Harru Sateri with a rebound.
11:16 of 2nd period - Ryan Reaves is hit by Cody Bass and loses puck.
11:31 of 2nd period - Logan MacMillan is hit by A.J. Jenks.
12:19 of 2nd period - Logan MacMillan is hit by Cody Bass and loses puck.
12:40 of 2nd period - Snap shot by Josh Jooris.
12:40 of 2nd period - Stopped by Harru Sateri with a rebound.
13:02 of 2nd period - Petr Vrana is hit by Aaron Palushaj and loses puck.
13:34 of 2nd period - Tomas Kundratek is hit by Petr Vrana and loses puck.
13:47 of 2nd period - Wrist shot by Michael Latta.
13:47 of 2nd period - Stopped by Mark Dekanich with a rebound.
13:49 of 2nd period - Wrist shot by Michael Latta.
13:49 of 2nd period - Stopped by Mark Dekanich with a rebound.
13:51 of 2nd period - Slapshot by Brayden McNabb.
13:51 of 2nd period - Stopped by Mark Dekanich with a rebound.
13:53 of 2nd period - Slapshot by Samuel Groulx.
13:53 of 2nd period - Shot Misses the Net.
13:55 of 2nd period - Slapshot by Samuel Groulx.
13:55 of 2nd period - Stopped by Mark Dekanich without a rebound.
13:56 of 2nd period - Joe Colborne wins face-off versus Tyler Haskins in Knights zone.
14:51 of 2nd period - Slapshot by Jason Zucker.
14:51 of 2nd period - Shot Blocked by Tomas Kudelka.
14:53 of 2nd period - Snap shot by Joe Colborne.
14:53 of 2nd period - Deflect By Jason Zucker.
14:53 of 2nd period - Stopped by Harru Sateri with a rebound.
14:55 of 2nd period - Slapshot by Aaron Palushaj.
14:55 of 2nd period - Stopped by Harru Sateri with a rebound.
15:28 of 2nd period - Snap shot by Cody Bass.
15:28 of 2nd period - Shot Misses the Net.
15:48 of 2nd period - Brayden McNabb is hit by Tomas Kundratek and loses puck.
16:07 of 2nd period - Slapshot by Joe Colborne.
16:07 of 2nd period - Stopped by Harru Sateri with a rebound.
17:14 of 2nd period - Wrist shot by Alan Quine.
17:14 of 2nd period - Shot Blocked by Ryan Reaves.
17:44 of 2nd period - Ian Cole is hit by James Wright and loses puck.
18:00 of 2nd period - Icing by Michael Raffl.
18:01 of 2nd period - Tyler Haskins wins face-off versus Cody Bass in Knights zone.
18:51 of 2nd period - Wrist shot by Joe Colborne.
18:51 of 2nd period - Shot Misses the Net.
19:09 of 2nd period - Wrist shot by A.J. Jenks.
19:09 of 2nd period - Shot Blocked by Alexander Urbom.
19:11 of 2nd period - Wrist shot by Alan Quine.
19:11 of 2nd period - Stopped by Harru Sateri with a rebound.
19:23 of 2nd period - Snap shot by Cody Bass.
19:23 of 2nd period - Shot Misses the Net.
19:34 of 2nd period - Snap shot by Petr Vrana.
19:34 of 2nd period - Shot Misses the Net.
19:36 of 2nd period - Slapshot by Samuel Groulx.
19:36 of 2nd period - Shot Misses the Net.
19:38 of 2nd period - Backhand shot by Michael Latta.
19:38 of 2nd period - Goal by Michael Latta - Knights : 4 - Ice Dragons : 1.
19:39 of 2nd period - James Wright wins face-off versus Tyler Haskins in neutral zone.
19:41 of 2nd period - Off-side.
19:42 of 2nd period - Tyler Haskins wins face-off versus James Wright in neutral zone.
19:53 of 2nd period - Wrist shot by Nick Palmieri.
19:53 of 2nd period - Shot Misses the Net.
Goals for this period are 2 for Knights vs 1 for Ice Dragons.
Shots for this period are 14 for Knights vs 9 for Ice Dragons.

3rd period


0:01 of 3rd period - Tyler Haskins wins face-off versus Joe Colborne in neutral zone.
0:16 of 3rd period - Slapshot by Tomas Kundratek.
0:16 of 3rd period - Stopped by Harru Sateri with a rebound.
0:30 of 3rd period - Wrist shot by James Wright.
0:30 of 3rd period - Shot Misses the Net.
0:32 of 3rd period - Snap shot by James Wright.
0:32 of 3rd period - Shot Misses the Net.
0:34 of 3rd period - Slapshot by Nikita Nikitin.
0:34 of 3rd period - Stopped by Harru Sateri with a rebound.
0:36 of 3rd period - Wrist shot by James Wright.
0:36 of 3rd period - Stopped by Harru Sateri without a rebound.
0:37 of 3rd period - Tyler Haskins wins face-off versus Cody Bass in Ice Dragons zone.
0:46 of 3rd period - Wrist shot by Nick Palmieri.
0:46 of 3rd period - Shot Misses the Net.
0:48 of 3rd period - Slapshot by Tomas Kudelka.
0:48 of 3rd period - Shot Blocked by Brett Connolly.
0:50 of 3rd period - Snap shot by Tomas Kudelka.
0:50 of 3rd period - Deflect By Jordan LaVallee.
0:50 of 3rd period - Shot Misses the Net.
0:50 of 3rd period - Puck is out of play.
0:51 of 3rd period - Michael Latta wins face-off versus Joe Colborne in Knights zone.
0:58 of 3rd period - Snap shot by Michael Latta.
0:58 of 3rd period - Shot Misses the Net.
1:00 of 3rd period - Snap shot by Petr Vrana.
1:00 of 3rd period - Shot Blocked by Scott Jackson.
1:12 of 3rd period - Minor Penalty to Jason Zucker for Slashing.
1:13 of 3rd period - James Wright wins face-off versus Tyler Haskins in Knights zone.
3:12 of 3rd period - Penalty to Jason Zucker is over, Jason Zucker is back on ice.
3:24 of 3rd period - Snap shot by Joe Colborne.
3:24 of 3rd period - Stopped by Harru Sateri with a rebound.
3:26 of 3rd period - Wrist shot by Jason Zucker.
3:26 of 3rd period - Shot Blocked by Samuel Groulx.
3:28 of 3rd period - Wrist shot by Michael Stone.
3:28 of 3rd period - Shot Misses the Net.
3:39 of 3rd period - Icing by Josh Jooris.
3:40 of 3rd period - Marek Viedensky wins face-off versus A.J. Jenks in Knights zone.
3:45 of 3rd period - Slapshot by Nick Palmieri.
3:45 of 3rd period - Shot Blocked by Michael Stone.
3:47 of 3rd period - Wrist shot by Jordan LaVallee.
3:47 of 3rd period - Stopped by Mark Dekanich without a rebound.
3:48 of 3rd period - Joe Colborne wins face-off versus Tyler Haskins in Knights zone.
3:53 of 3rd period - Jordan LaVallee is hit by Tomas Kundratek and loses puck.
4:00 of 3rd period - Snap shot by Aaron Palushaj.
4:00 of 3rd period - Shot Misses the Net.
4:02 of 3rd period - Slapshot by Zach Trotman.
4:02 of 3rd period - Stopped by Harru Sateri with a rebound.
4:04 of 3rd period - Slapshot by Zach Trotman.
4:04 of 3rd period - Shot Blocked by Tomas Kudelka.
4:42 of 3rd period - Slapshot by Michael Latta.
4:42 of 3rd period - Shot Misses the Net.
4:44 of 3rd period - Wrist shot by Tomas Kudelka.
4:44 of 3rd period - Shot Blocked by Scott Jackson.
4:56 of 3rd period - Ian Cole is hit by Josh Jooris and loses puck.
5:11 of 3rd period - Slapshot by Joe Colborne.
5:11 of 3rd period - Goal by Joe Colborne - Knights : 5 - Ice Dragons : 1.
5:12 of 3rd period - Tyler Haskins wins face-off versus James Wright in neutral zone.
5:15 of 3rd period - James Wright is hit by Tyler Haskins and loses puck.
5:21 of 3rd period - Off-side.
5:22 of 3rd period - Tyler Haskins wins face-off versus James Wright in neutral zone.
6:25 of 3rd period - Slapshot by Brayden McNabb.
6:25 of 3rd period - Deflect By Nick Palmieri.
6:25 of 3rd period - Shot Misses the Net.
6:25 of 3rd period - Puck is out of play.
6:26 of 3rd period - Michael Latta wins face-off versus Joe Colborne in Knights zone.
6:35 of 3rd period - Minor Penalty to Michael Latta for Hooking.
6:36 of 3rd period - Nick Palmieri wins face-off versus Joe Colborne in Ice Dragons zone.
6:36 of 3rd period - Nick Palmieri is hit by Aaron Palushaj.
8:26 of 3rd period - Jordan LaVallee is hit by Michael Stone.
8:35 of 3rd period - Penalty to Michael Latta is over, Michael Latta is back on ice.
8:50 of 3rd period - Alan Quine is hit by Michael Latta and loses puck.
9:17 of 3rd period - Snap shot by Logan MacMillan.
9:17 of 3rd period - Shot Misses the Net.
9:28 of 3rd period - Minor Penalty to Joe Colborne for Holding.
9:29 of 3rd period - James Wright wins face-off versus Tyler Haskins in Knights zone.
9:37 of 3rd period - Jordan LaVallee is hit by Cody Bass.
9:44 of 3rd period - Minor Penalty to Cody Bass for Holding.
9:45 of 3rd period - James Wright wins face-off versus Nick Palmieri in Knights zone.
11:28 of 3rd period - Penalty to Joe Colborne is over, Joe Colborne is back on ice.
11:44 of 3rd period - Penalty to Cody Bass is over, Cody Bass is back on ice.
11:56 of 3rd period - Snap shot by Ronalds Kenins.
11:56 of 3rd period - Deflect By Brett Connolly.
11:56 of 3rd period - Shot Blocked by Slava Voynov.
11:56 of 3rd period - Puck is out of play.
11:57 of 3rd period - Marek Viedensky wins face-off versus Cody Bass in Ice Dragons zone.
11:57 of 3rd period - Marek Viedensky is hit by Nikita Nikitin.
12:11 of 3rd period - Off-side.
12:12 of 3rd period - Joe Colborne wins face-off versus Michael Latta in neutral zone.
13:07 of 3rd period - Brayden McNabb is hit by Brett Connolly and loses puck.
13:22 of 3rd period - Brayden McNabb is hit by Josh Jooris and loses puck.
13:57 of 3rd period - Slapshot by James Wright.
13:57 of 3rd period - Deflect By Kevin Hayes.
13:57 of 3rd period - Shot Blocked by Alexander Urbom.
13:57 of 3rd period - Puck is out of play.
13:58 of 3rd period - Michael Latta wins face-off versus James Wright in Ice Dragons zone.
14:05 of 3rd period - Snap shot by Michael Latta.
14:05 of 3rd period - Shot Misses the Net.
14:07 of 3rd period - Snap shot by Tomas Kudelka.
14:07 of 3rd period - Stopped by Mark Dekanich without a rebound.
14:08 of 3rd period - Michael Latta wins face-off versus Joe Colborne in Knights zone.
14:13 of 3rd period - Snap shot by Petr Vrana.
14:13 of 3rd period - Shot Misses the Net.
14:23 of 3rd period - Slapshot by Michael Latta.
14:23 of 3rd period - Deflect By Petr Vrana.
14:23 of 3rd period - Goal by Petr Vrana - Knights : 5 - Ice Dragons : 2.
14:24 of 3rd period - Tyler Haskins wins face-off versus James Wright in neutral zone.
14:27 of 3rd period - Snap shot by Brayden McNabb.
14:27 of 3rd period - Deflect By Michael Raffl.
14:27 of 3rd period - Stopped by Mark Dekanich without a rebound.
14:28 of 3rd period - James Wright wins face-off versus Tyler Haskins in Knights zone.
14:28 of 3rd period - James Wright is hit by Jordan LaVallee.
14:42 of 3rd period - Ian Cole is hit by James Wright and loses puck.
15:25 of 3rd period - Snap shot by Aaron Palushaj.
15:25 of 3rd period - Shot Hit the Post.
15:27 of 3rd period - Wrist shot by Aaron Palushaj.
15:27 of 3rd period - Stopped by Harru Sateri with a rebound.
15:29 of 3rd period - Wrist shot by Jason Zucker.
15:29 of 3rd period - Goal by Jason Zucker - Knights : 6 - Ice Dragons : 2.
15:30 of 3rd period - James Wright wins face-off versus Tyler Haskins in neutral zone.
16:27 of 3rd period - Off-side.
16:28 of 3rd period - Tyler Haskins wins face-off versus James Wright in neutral zone.
16:39 of 3rd period - Slapshot by James Wright.
16:39 of 3rd period - Goal by James Wright - Knights : 7 - Ice Dragons : 2.
16:40 of 3rd period - Tyler Haskins wins face-off versus James Wright in neutral zone.
16:43 of 3rd period - Wrist shot by Jordan LaVallee.
16:43 of 3rd period - Stopped by Mark Dekanich without a rebound.
16:44 of 3rd period - Tyler Haskins wins face-off versus James Wright in Knights zone.
17:02 of 3rd period - Minor Penalty to Nick Palmieri for Roughing.
17:03 of 3rd period - James Wright wins face-off versus Marek Viedensky in Ice Dragons zone.
17:11 of 3rd period - Snap shot by Michael Raffl.
17:11 of 3rd period - Stopped by Harru Sateri with a rebound.
19:01 of 3rd period - Brayden McNabb is hit by James Wright and loses puck.
19:02 of 3rd period - Penalty to Nick Palmieri is over, Nick Palmieri is back on ice.
19:35 of 3rd period - Snap shot by A.J. Jenks.
19:35 of 3rd period - Stopped by Harru Sateri with a rebound.
19:37 of 3rd period - Wrist shot by Zach Trotman.
19:37 of 3rd period - Shot Blocked by Samuel Groulx.
19:43 of 3rd period - Minor Penalty to Petr Vrana for Hooking.
19:44 of 3rd period - Nick Palmieri wins face-off versus Joe Colborne in Ice Dragons zone.
Goals for this period are 3 for Knights vs 1 for Ice Dragons.
Shots for this period are 11 for Knights vs 5 for Ice Dragons.